 Dungeon Crawl Stone Soup version 0.23-b1-70-gd12f7cf (webtiles) character file.

Game seed: 12023095042162297098

76645 Folque the Geomancer (level 15, -2/118 HPs)
             Began as a White Draconian Earth Elementalist on Feb 6, 2019.
             Was a High Priest of Sif Muna.
             Slain by a wolf spider (7 damage)
             ... on level 1 of the Spider Nest.
             The game lasted 02:21:07 (31818 turns).

Folque the Geomancer (DrEE)                        Turns: 31818, Time: 02:21:09

Health: -2/118     AC: 15    Str: 13 (14) XL:     15   Next: 13%
Magic:  4/41       EV: 15    Int: 25 (27) God:    Sif Muna [*****.]
Gold:   1954       SH:  0    Dex: 11      Spells: 6/38 levels left

rFire    x . .     SeeInvis .   T - +2 dagger (venom)
rCold    + + .     Gourm    +   e - +2 buckler
rNeg     . . .     Faith    .   (armour unavailable)
rPois    .         Spirit   .   J - +3 hat of Pondering {ponderous, MR+ MP+10 Int+5}
rElec    .         Reflect  .   n - scarf {cloud immunity}
rCorr    .         Harm     .   d - +2 pair of gloves
MR       ++...                  (no boots)
Stlth    +.........             X - amulet of the gourmand
HPRegen  0.29/turn              K - ring of ice
MPRegen  0.27/turn              t - +3 ring of strength

@: confused, about to teleport, divine energy, slow
A: breathe frost, unfitting armour, cold resistance 1, cold-blooded, AC +9
a: Breathe Frost, Stop Divine Energy, Channel Magic, Forget Spell, Renounce
Religion


You were on level 1 of the Spider Nest.
You worshipped Sif Muna.
Sif Muna was extremely pleased with you.
You were very full.

You visited 5 branches of the dungeon, and saw 24 of its levels.
You also visited: Volcano.

You collected 1954 gold pieces.

Inventory:

Hand Weapons
 P - a +0 halberd of flaming
 T - a +2 dagger of venom (weapon)
Missiles
 b - 550 stones (quivered)
 B - a throwing net
Armour
 d - a +2 pair of gloves (worn)
 e - a +2 buckler (worn)
 n - a scarf of cloud immunity (worn)
 J - the +3 hat of Pondering (worn) {ponderous, MR+ MP+10 Int+5}
   (You found it on level 2 of the Lair of Beasts)

   It affects your intelligence (+5).
   It affects your resistance to hostile enchantments.
   It affects your magic capacity (+10).
Jewellery
 t - a +3 ring of strength (right hand)
 C - an uncursed ring of protection from cold
 F - a +3 ring of strength
 K - a ring of ice (left hand)
 L - an uncursed ring of protection from fire
 X - an amulet of the gourmand (around neck)
Wands
 r - a wand of paralysis (12)
 w - a wand of polymorph (14)
 y - a wand of flame (57)
 D - a wand of enslavement (10)
 M - a wand of disintegration (16)
 N - a wand of iceblast (9)
 O - a wand of acid (9)
Scrolls
 h - 3 scrolls of enchant weapon {unknown}
 i - a scroll of noise {unknown}
 k - 5 scrolls of identify
 m - a scroll of fear {unknown}
 p - a scroll of enchant armour
 E - 7 scrolls of remove curse
 G - 5 scrolls of fog
 H - 4 scrolls of immolation
 Q - a scroll of summoning {unknown}
 S - 4 scrolls of amnesia
 V - 5 scrolls of teleportation
Potions
 a - a potion of mutation
 f - 6 potions of cancellation
 g - 2 potions of berserk rage
 j - 3 potions of resistance
 o - 5 potions of agility
 q - 2 potions of invisibility
 s - 3 potions of might
 u - 5 potions of haste
 v - 4 potions of degeneration
 A - a potion of ambrosia
 I - 2 potions of curing
 R - a potion of brilliance
 U - 3 potions of flight
Miscellaneous
 W - a phantom mirror
 Z - a phial of floods
Comestibles
 c - 32 rations


   Skills:
 + Level 7.1 Fighting
 - Level 4.3 Short Blades
 - Level 6.2 Dodging
 - Level 4.0 Stealth
 - Level 8.2 Shields
 + Level 12.0 Spellcasting
 - Level 8.3 Conjurations
 * Level 9.3 Summonings
 - Level 6.2 Transmutations
 - Level 7.0 Ice Magic
 - Level 12.3 Earth Magic
 - Level 6.1 Invocations


You had 6 spell levels left.
You knew the following spells:

 Your Spells              Type           Power        Failure   Level  Hunger
a - Sandblast             Erth           ######       1%          1    None
b - Stone Arrow           Conj/Erth      ######       1%          3    None
c - Passwall              Tmut/Erth      ######..     1%          2    None
d - Lee's Rapid Deconstr  Erth           ######....   1%          5    ###....
e - Petrify               Tmut/Erth      ######..     1%          4    None
f - Throw Icicle          Conj/Ice       ######..     1%          4    None
g - Summon Ice Beast      Ice/Summ       ######..     1%          4    None
h - Summon Lightning Spi  Summ/Air       #####...     6%          4    None
i - Summon Forest         Summ/Tloc      #####.....   16%         5    ###....

Your spell library contained the following spells:

 Spells                   Type           Power        Failure   Level  Hunger
 Flame Tongue             Conj/Fire      #####        1%          1    None
 Freeze                   Ice            ####         1%          1    None
 Shock                    Conj/Air       ####         1%          1    None
 Summon Small Mammal      Summ           ####         1%          1    None
 Call Imp                 Summ           ######..     1%          2    None
 Ensorcelled Hibernation  Hex/Ice        #####.       1%          2    None
 Searing Ray              Conj           ######       1%          2    None
 Throw Flame              Conj/Fire      #####.       1%          2    None
 Throw Frost              Conj/Ice       ######       1%          2    None
 Call Canine Familiar     Summ           ######..     1%          3    None
 Summon Guardian Golem    Hex/Summ       #####...     1%          3    None
 Conjure Flame            Conj/Fire      #####...     2%          3    None
 Ozocubu's Armour         Chrm/Ice       #####...     2%          3    None
 Ice Form                 Ice/Tmut       ######..     2%          4    None
 Leda's Liquefaction      Hex/Erth       #####.....   3%          4    None
 Animate Skeleton         Necr           N/A          4%          1    None
 Apportation              Tloc           ###...       4%          1    None
 Confusing Touch          Hex            ###...       4%          1    None
 Sticky Flame             Conj/Fire      #####...     7%          4    None
 Bolt of Magma            Conj/Fire/Erth #####.....   7%          5    ###....
 Iron Shot                Conj/Erth      ######....   9%          6    #####..
 Inner Flame              Hex/Fire       ###.....     12%         3    None
 Teleport Other           Tloc           ###.....     12%         3    None
 Statue Form              Tmut/Erth      ######...    14%         6    #####..
 Fireball                 Conj/Fire      #####.....   21%         5    ###....
 Iskenderun's Battlesphe  Conj/Chrm      #####...     21%         5    ###....
 Ozocubu's Refrigeration  Ice            ######....   34%         6    #####..
 Airstrike                Air            ###.......   36%         4    None
 Freezing Cloud           Conj/Ice/Air   ######....   58%         6    #####..
 Bolt of Fire             Conj/Fire      #####.....   73%         6    #####..
 Conjure Ball Lightning   Conj/Air       #####.....   73%         6    #####..
 Poison Arrow             Conj/Pois      #####.....   73%         6    #####..
 Lehudib's Crystal Spear  Conj/Erth      ######....   98%         8    #######
 Summon Horrible Things   Summ           ######....   99%         8    #######
 Ignition                 Fire           ###.......   100%        8    #######
 Fire Storm               Conj/Fire      #####.....   100%        9    #######
 Shatter                  Erth           ######....   100%        9    #######
 Tornado                  Air            ###.......   100%        9    #######


Dungeon Overview and Level Annotations

Branches:
Dungeon (15/15)            Temple (1/1) D:7            Lair (6/6) D:10
 Shoals (0/4) Lair:4       Spider (1/4) Lair:2        Slime (0/5) Lair:6
    Orc (1/2) D:12         Vaults (0/5) D:14         Depths (0/5) D:15

Altars:
Elyvilon
Hepliaklqana
Kikubaaqudgha
Nemelex Xobeh
Ru
Sif Muna
Trog
Yredelemnul
Jiyva

Shops:
D:4 [*(}   D:15 [   Orc:1 %

Annotations:
D:6 Harold
Lair:4 1 runed translucent door, runemage's ghost, journeyman GnFi


Innate Abilities, Weirdness & Mutations

You can breathe waves of freezing cold.
You can buffet flying creatures when you breathe cold.
Your icy white scales are hard. (AC +9)
You cannot fit into any form of body armour.
Your flesh is cold resistant. (rC+)
You are cold-blooded and may be slowed by cold attacks.


Message History

A redback comes into view.
The wolf spider closely misses you. The wolf spider completely misses you.
You feel you are being watched by something.
You feel your power leaking away. Something hits you.
* * * LOW HITPOINT WARNING * * *
You feel dopey. Something completely misses you.
Something stings you but does no damage.
The redback bites you but does no damage.
Unknown command.
Okay, then.
You are confused.
You feel invigorated.
You regain access to your magic.
The wolf spider hits you but does no damage.
The wolf spider completely misses you. The wolf spider hits you.
* * * LOW HITPOINT WARNING * * *
The wolf spider bites you!
You die...

...^. ♣...# #.......
#^...##...##...♣....
#...$.....#...#.##..
#..#♣.......#......≈ ..
#..##......#.......# #...
#..^..†...##.^.#..#≈
#..#...##....#.##.#...≈
#...s##....##........
#...@s†...#♣.#...##..
.......s{##..#..Y##..#.#
^.........#...###.Y.#....
.#.###....s...# #..#..#.#
# ###....... ##.#...##
##..##^.s #....## ..s#
..s..#.^## .... ...#.#..#
. ....##


You could see 2 wolf spiders, a tarantella and 2 redbacks.

Vanquished Creatures
  A frost giant (D:15)
  Snorg (Lair:6)
  6 hydras
  An ice dragon (Lair:4)
  4 centaur warriors
  3 catoblepae (Lair:6)
  2 tengu warriors (D:15)
  2 two-headed ogres
  3 death yaks (Lair:6)
  Sonja (Lair:4)
  A hell knight (Volcano)
  A salamander mystic (Volcano)
  4 skeletal warriors (D:15)
  4 unseen horrors
  Pikel (D:7)
  2 lindwurms
  An orc knight (D:14)
  An ugly thing (D:13)
  3 cyclopes
  2 manticores
  4 salamanders (Volcano)
  4 black mambas
  2 molten gargoyles (Volcano)
  4 elephants (Lair:4)
  2 centaur zombies
  A spiny frog (shapeshifter) (D:13)
  14 spiny frogs
  A gargoyle (D:10)
  3 rime drakes
  A demonic crawler (Spider:1)
  6 komodo dragons
  A freezing wraith (D:14)
  4 yaktaurs
  9 tyrant leeches
  5 trolls
  5 jumping spiders
  2 hornets
  Grinder (D:4)
  10 dream sheep
  9 slime creatures
  10 hippogriffs
  A meliai zombie (D:13)
  A raiju (shapeshifter) (D:13)
  3 shadows
  4 redbacks
  A vampire (D:11)
  2 wyverns (D:14)
  2 wraiths
  4 fire bats
  43 yaks
  A tarantella (Spider:1)
  Eustachio (D:5)
  2 fire elementals (Lair:1)
  A basilisk (Lair:5)
  A hungry ghost (D:8)
  Edmund (D:5)
  5 vampire mosquitoes
  Menkaure (D:5)
  An acid dragon (D:12)
  4 swamp worms (Lair:6)
  12 porcupines
  Duvessa (D:5)
  8 water moccasins
  7 orc warriors
  3 slaves
  A black bear (D:6)
  3 ice beasts
  A necrophage (D:11)
  3 phantoms
  6 boggarts
  3 ogres
  22 centaurs
  5 wolves (Lair:5)
  14 crocodiles
  3 big kobolds (D:14)
  19 bullfrogs
  Dowan (D:5)
  5 scorpions
  13 killer bees
  15 wights
  9 howler monkeys
  An electric eel (Lair:5)
  8 crimson imps
  10 hounds
  7 lava snakes
  A bullfrog zombie (D:5)
  2 centaur skeletons
  A jelly (D:6)
  2 bullfrog skeletons
  10 orc priests
  A gnoll shaman (D:6)
  23 orc wizards
  4 iguanas
  9 worker ants
  A killer bee zombie (D:8)
  A hound zombie (D:6)
  4 worker ant zombies
  4 gnolls (D:6)
  9 adders
  2 shadow imps
  3 white imps (Lair:4)
  4 oozes
  An adder zombie (D:5)
  An adder skeleton (D:5)
  2 worms
  A dart slug (D:1)
  9 leopard geckos
  83 orcs
  A bat skeleton (D:2)
  8 giant cockroaches
  10 goblins
  5 hobgoblins
  11 jackals
  8 kobolds
  5 quokkas
  3 ball pythons
  13 bats
  5 frilled lizards
  A jackal skeleton (D:7)
  A quokka zombie (D:7)
  10 rats
  A butterfly (Lair:5)
  2 fungi
  A plant (Lair:6)
664 creatures vanquished.

Vanquished Creatures (collateral kills)
  A rakshasa (D:14)
  A hydra (D:15)
  2 death yaks (Lair:6)
  A skeletal warrior (D:15)
  A deep elf mage (D:13)
  A manticore (Lair:6)
  A moth of wrath (Lair:6)
  A black mamba (Lair:6)
  A torpor snail (Lair:6)
  A kobold demonologist (D:15)
  A troll (D:15)
  3 tyrant leeches (Lair:6)
  A slime creature (D:14)
  A dream sheep (Lair:6)
  4 redbacks (Spider:1)
  A shadow (D:13)
  A tarantella (Spider:1)
  6 yaks
  A swamp worm (Lair:6)
  An eye of draining (D:13)
  A crocodile (Lair:6)
  2 bullfrogs
  2 wights (D:14)
  A crimson imp (D:15)
37 creatures vanquished.

Vanquished Creatures (others)
  A hound (D:7)
  An iguana (D:7)
  A hound skeleton (D:7)
  53 fungi
  40 plants
96 creatures vanquished.

Grand Total: 797 creatures vanquished

Notes
Turn   | Place    | Note
-------+----------+-------------------------------------------
     0 | D:1      | Folque the Draconian Earth Elementalist began the quest for
                  | the Orb.
     0 | D:1      | Reached XP level 1. HP: 14/14 MP: 3/3
   247 | D:1      | Reached skill level 1 in Fighting
   247 | D:1      | Reached XP level 2. HP: 23/23 MP: 3/5
   422 | D:1      | Found a sparkling altar of Nemelex Xobeh.
   619 | D:1      | Reached XP level 3. HP: 18/28 MP: 6/6
   624 | D:1      | Learned a level 3 spell: Stone Arrow
   627 | D:1      | Learned a level 2 spell: Passwall
  1220 | D:2      | Found a bloodstained altar of Trog.
  1595 | D:2      | Reached XP level 4. HP: 36/36 MP: 3/7
  1665 | D:2      | Found a sacrificial altar of Ru.
  1672 | D:2      | Found an ancient bone altar of Kikubaaqudgha.
  1675 | D:2      | Found a basalt altar of Yredelemnul.
  1851 | D:3      | Reached skill level 1 in Conjurations
  2238 | D:3      | Reached XP level 5. HP: 27/41 MP: 2/8
  2738 | D:4      | Found Fovvoudime's Armour Shop.
  2754 | D:4      | Reached XP level 6. HP: 42/48 MP: 1/11
  3041 | D:4      | Learned a level 5 spell: Lee's Rapid Deconstruction
  3058 | D:4      | Reached skill level 5 in Earth Magic
  3250 | D:4      | Found Mamocum's General Store.
  3273 | D:4      | Found Cutua's Gadget Boutique.
  3361 | D:4      | Noticed Grinder
  3366 | D:4      | Found Maisor's Antique Weapon Shop.
  3377 | D:4      | Paralysed by Grinder for 6 turns
  3387 | D:4      | Paralysed by Grinder for 6 turns
  3608 | D:4      | Your scales start taking on an icy white colour.
  3608 | D:4      | Reached XP level 7. HP: 47/55 MP: 7/13
  3608 | D:4      | Gained mutation: Your flesh is cold resistant. (rC+) [White
                  | Draconian growth]
  3687 | D:4      | Killed Grinder
  3687 | D:4      | Reached skill level 5 in Spellcasting
  3814 | D:4      | Learned a level 4 spell: Petrify
  4029 | D:5      | Entered Level 5 of the Dungeon
  4072 | D:5      | Noticed Menkaure
  4076 | D:5      | Killed Menkaure
  4076 | D:5      | Reached XP level 8. HP: 45/61 MP: 0/16
  4077 | D:5      | Noticed Eustachio
  4213 | D:5      | Killed Eustachio
  4580 | D:5      | Noticed Edmund
  4629 | D:5      | Killed Edmund
  5145 | D:5      | Noticed Dowan
  5146 | D:5      | Noticed Duvessa
  5167 | D:5      | Killed Duvessa
  5276 | D:5      | Killed Dowan
  5341 | D:5      | Found a hazy altar of Hepliaklqana.
  5516 | D:6      | Reached XP level 9. HP: 67/67 MP: 13/19
  6554 | D:7      | Found a staircase to the Ecumenical Temple.
  6563 | Temple   | Entered the Ecumenical Temple
  6568 | Temple   | Became a worshipper of Sif Muna the Loreminder
  6626 | D:7      | Noticed Pikel
  6745 | D:7      | Noticed Harold
  6948 | D:7      | Reached skill level 1 in Shields
  7054 | D:7      | Killed Pikel
  7054 | D:7      | Reached skill level 5 in Conjurations
  7854 | D:8      | Reached * piety under Sif Muna
  7854 | D:8      | Reached XP level 10. HP: 68/73 MP: 0/20
  8048 | D:8      | Reached skill level 1 in Invocations
  8684 | D:9      | Reached skill level 5 in Shields
  9207 | D:10     | Entered Level 10 of the Dungeon
  9602 | D:10     | Noticed a gargoyle
  9603 | D:10     | Killed a gargoyle
  9697 | D:10     | Learned a level 4 spell: Throw Icicle
  9731 | D:10     | Reached ** piety under Sif Muna
  9731 | D:10     | Reached skill level 1 in Ice Magic
 10017 | D:10     | Found a staircase to the Lair.
 10036 | D:10     | Killed an unseen horror
 10507 | D:10     | Reached XP level 11. HP: 85/85 MP: 11/21
 10759 | D:11     | Killed an unseen horror
 10759 | D:11     | Reached skill level 5 in Fighting
 10759 | D:11     | Reached skill level 5 in Dodging
 11140 | D:11     | Killed an unseen horror
 11140 | D:11     | Reached skill level 1 in Short Blades
 11484 | D:10     | Reached *** piety under Sif Muna
 11816 | D:11     | Reached skill level 5 in Ice Magic
 12303 | D:12     | Reached skill level 10 in Earth Magic
 12631 | D:12     | Found a staircase to the Orcish Mines.
 13569 | D:12     | Learned a level 4 spell: Summon Ice Beast
 14105 | D:12     | Reached **** piety under Sif Muna
 14111 | D:12     | Reached skill level 1 in Summonings
 14111 | D:12     | Reached XP level 12. HP: 83/96 MP: 9/24
 14927 | D:13     | Noticed a six-headed hydra
 15231 | Orc:1    | Entered Level 1 of the Orcish Mines
 15233 | Orc:1    | Found Jaizoimp's Food Emporium.
 15629 | Lair:1   | Entered Level 1 of the Lair of Beasts
 15770 | Lair:1   | Reached skill level 5 in Invocations
 17412 | Lair:2   | Found a hole to the Spider Nest.
 17484 | Lair:2   | Reached skill level 5 in Summonings
 17487 | Lair:2   | Reached ***** piety under Sif Muna
 17705 | Lair:2   | Identified Sif Muna's Volume of Conjuration and Changing
                  | (Sif Muna gifted it to you on level 2 of the Lair of
                  | Beasts)
 17705 | Lair:2   | Received a gift from Sif Muna
 17766 | Lair:2   | Noticed a four-headed hydra
 17783 | Lair:2   | Killed a four-headed hydra
 17915 | Lair:2   | Found the +3 hat of Pondering {ponderous, MR+ MP+10 Int+5}
 18337 | Lair:3   | Noticed a six-headed hydra
 18343 | Lair:3   | Killed a six-headed hydra
 18831 | Lair:3   | Reached XP level 13. HP: 102/102 MP: 25/25
 18958 | Lair:3   | Found a white marble altar of Elyvilon.
 19665 | Lair:4   | Found a runed translucent door.
 19665 | Lair:4   | Noticed runemage's ghost (journeyman GnFi)
 20097 | Lair:4   | Found a staircase to the Shoals.
 20101 | Lair:4   | Noticed Sonja
 20108 | Lair:4   | Killed Sonja
 20139 | Lair:4   | Found a dark tunnel.
 20151 | Volcano  | Entered a volcano
 20576 | Volcano  | Found a burning altar of Makhleb.
 21516 | Lair:5   | Identified Sif Muna's Collected Works on Combat Magic and
                  | Orientation (Sif Muna gifted it to you on level 5 of the
                  | Lair of Beasts)
 21516 | Lair:5   | Received a gift from Sif Muna
 21545 | Lair:5   | Reached skill level 10 in Spellcasting
 21870 | Lair:5   | Reached skill level 5 in Transmutations
 22449 | Lair:6   | Entered Level 6 of the Lair of Beasts
 23374 | Lair:6   | Noticed Snorg
 23968 | Lair:6   | Learned a level 4 spell: Summon Lightning Spire
 24052 | Lair:6   | Reached XP level 14. HP: 103/110 MP: 12/28
 24477 | Lair:6   | Killed Snorg
 24553 | Lair:6   | Found a viscous altar of Jiyva.
 24553 | Lair:6   | Found a staircase to the Slime Pits.
 25263 | Lair:6   | Identified Sif Muna's Handbook of Companions and the
                  | Snowflakes (Sif Muna gifted it to you on level 6 of the
                  | Lair of Beasts)
 25263 | Lair:6   | Received a gift from Sif Muna
 29554 | D:14     | Learned a level 5 spell: Summon Forest
 29679 | D:14     | Identified Sif Muna's Compendium of Gliding Flames (Sif
                  | Muna gifted it to you on level 14 of the Dungeon)
 29679 | D:14     | Received a gift from Sif Muna
 29690 | D:14     | Found a gate to the Vaults.
 30235 | D:15     | Entered Level 15 of the Dungeon
 30683 | D:15     | Reached XP level 15. HP: 93/117 MP: 1/30
 30993 | D:15     | Found Fusafruri's Armour Emporium.
 31258 | D:15     | Found a staircase to the Depths.
 31258 | D:15     | Noticed a frost giant
 31278 | D:15     | Killed a frost giant
 31683 | Spider:1 | Entered Level 1 of the Spider Nest
 31816 | Spider:1 | HP: 5/118 [something (3)]
 31818 | Spider:1 | Slain by a wolf spider

Skill      XL: |  1  2  3  4  5  6  7  8  9 10 11 12 13 14 15 |
---------------+----------------------------------------------+-----
Fighting       | 1 2 4 6 7 |  7.1
Earth Magic    | 4 5 6 7 8 9 10 11 12 | 12.3
Conjurations   | 2 4 6 7 8 |  8.3
Spellcasting   | 3 4 5 6 7 8 10 11 12 | 12.0
Dodging        | 2 4 5 6 |  6.2
Transmutations | 2 4 6 |  6.2
Shields        | 4 5 7 8 |  8.2
Invocations    | 3 4 6 |  6.1
Ice Magic      | 4 5 7 |  7.0
Stealth        | 4 |  4.0
Short Blades   | 4 |  4.3
Summonings     | 1 5 8 9 |  9.3

Action                   |  1- 3 |  4- 6 |  7- 9 | 10-12 | 13-15 || total
-------------------------+-------+-------+-------+-------+-------++-------
Melee: Dagger            |   118 |   122 |   293 |   569 |   583 ||  1685
       Tailslap          |     8 |    16 |    32 |    77 |   116 ||   249
       Falchion          |    23 |    23 |       |       |       ||    46
Throw: Stone             |       |       |       |       |     1 ||     1
 Cast: Sandblast         |    17 |    13 |    22 |    44 |    22 ||   118
       Stone Arrow       |     1 |    27 |    43 |    79 |    75 ||   225
       Passwall          |       |     2 |       |     1 |     4 ||     7
       Lee's Rapid Decon |       |     1 |    32 |    87 |   124 ||   244
       Petrify           |       |       |    19 |    89 |   130 ||   238
       Throw Icicle      |       |       |       |    36 |    34 ||    70
       Summon Ice Beast  |       |       |       |     7 |    60 ||    67
       Summon Lightning  |       |       |       |       |    19 ||    19
       Summon Forest     |       |       |       |       |     8 ||     8
Invok: Divine Energy     |       |       |       |     1 |       ||     1
       Channel Magic     |       |       |       |     2 |     6 ||     8
 Abil: Breathe Frost     |       |       |     3 |     5 |     1 ||     9
  Use: Scroll            |       |     2 |     5 |    10 |    16 ||    33
       Potion            |       |       |     8 |     3 |     9 ||    20
 Stab: Sleeping          |     6 |     2 |     1 |       |     6 ||    15
       Petrified         |       |       |    19 |   130 |   191 ||   340
       Petrifying        |       |       |       |    10 |    13 ||    23
       Distracted        |       |       |       |     1 |     1 ||     2
  Eat: Chunk             |     3 |     9 |    21 |    44 |    50 ||   127
       Ration            |       |       |     3 |     8 |     6 ||    17
Armor: Skin              |    69 |    37 |   109 |   146 |   178 ||   539
Dodge: Dodged            |   118 |    97 |   199 |   238 |   262 ||   914
Block: Buckler           |       |       |    11 |   106 |   185 ||   302
       Rpst.: Falchion   |     5 |     6 |       |       |       ||    11
